[ AOE2 MATCH · #506363661 ]
UnrankedPersians vs Teutons
Player's team · LOSS
Rival team · WIN
[ REPLAY ANALYSIS · EXTRACTED FROM THE RECORDED GAME ]
Feudal
11:15
Castle
15:15
Imperial
39:32
| APM avg | 30.6 |
| APM peak | 68 |
| eAPM avg | 14.9 |
| Villagers / military | 97 / 18 |
Focus
⚔️ 33.6% · 🌾 66.4%
Camel Scout ×9 · Knight ×3 · Mangonel ×3 · Battering Ram ×2 · Trebuchet (Packed) ×1
Feudal
10:31
Castle
25:27
Imperial
35:11
| APM avg | 34.4 |
| APM peak | 75 |
| eAPM avg | 17.6 |
| Villagers / military | 123 / 41 |
Focus
⚔️ 32.6% · 🌾 67.4%
Spearman ×14 · Archer ×8 · Knight ×5 · Militia ×5 · Fishing Ship ×4 · Scout Cavalry ×4
Match map
Initial resources + every placement click. Lines = walls · curves = elevation contours. ◆ gold · ⬟ stone · ● berries · ✦ relic · ◌ wall gap
Your base· Open — unwalled flank
moneymickey's base· Open — unwalled flank
Smoothed initial terrain · ◌ = detected wall gap · hover for details
Inputs per minute
— Schlumpf - - moneymickey
Build order — Schlumpf
First 150 of 177 actions detected
| 0:03 | Queue | Villager (Male) |
| 0:03 | Queue | Villager (Male) |
| 0:06 | Build | House |
| 0:07 | Build | House |
| 0:48 | Queue | Villager (Male) |
| 0:48 | Queue | Villager (Male) |
| 0:49 | Queue | Villager (Male) |
| 1:36 | Queue | Villager (Male) |
| 1:36 | Queue | Villager (Male) |
| 1:50 | Build | Lumber Camp |
| 2:05 | Queue | Villager (Male) |
| 2:05 | Queue | Villager (Male) |
| 2:35 | Queue | Villager (Male) |
| 2:36 | Queue | Villager (Male) |
| 2:36 | Queue | Villager (Male) |
| 2:43 | Build | House |
| 2:45 | Build | House |
| 4:02 | Queue | Villager (Male) |
| 4:02 | Queue | Villager (Male) |
| 4:21 | Queue | Villager (Male) |
| 4:31 | Queue | Villager (Male) |
| 4:31 | Queue | Villager (Male) |
| 4:32 | Queue | Villager (Male) |
| 4:45 | Queue | Villager (Male) |
| 5:43 | Build | Mill |
| 5:56 | Queue | Villager (Male) |
| 6:46 | Queue | Villager (Male) |
| 6:58 | Queue | Villager (Male) |
| 6:58 | Queue | Villager (Male) |
| 7:57 | Queue | Villager (Male) |
| 7:58 | Research | Loom |
| 8:02 | Queue | Villager (Male) |
| 8:05 | Research | Loom |
| 8:44 | Research | Feudal Age |
| 8:50 | Build | Mining Camp |
| 9:22 | Build | House |
| 9:53 | Build | Lumber Camp |
| 11:15 | Age | Feudal Age |
| 11:22 | Build | Barracks |
| 11:32 | Build | Market |
| 11:39 | Queue | Villager (Male) |
| 11:39 | Queue | Villager (Male) |
| 12:12 | Build | Stable |
| 12:34 | Build | Farm |
| 12:50 | Research | Castle Age |
| 13:00 | Build | Mining Camp |
| 13:53 | Build | Farm |
| 13:55 | Build | Farm |
| 13:59 | Build | House |
| 14:17 | Research | Double-Bit Axe |
| 14:23 | Build | House |
| 15:15 | Age | Castle Age |
| 15:30 | Build | Blacksmith |
| 15:33 | Queue | Villager (Male) |
| 16:00 | Build | Siege Workshop |
| 16:07 | Queue | Villager (Male) |
| 16:41 | Queue | Villager (Male) |
| 16:41 | Queue | Villager (Male) |
| 17:05 | Build | Castle |
| 17:14 | Queue | Mangonel |
| 19:04 | Queue | Battering Ram |
| 19:06 | Queue | Villager (Male) |
| 19:06 | Queue | Villager (Male) |
| 19:17 | Build | Farm |
| 20:12 | Queue | Villager (Male) |
| 20:12 | Queue | Villager (Male) |
| 20:51 | Build | Town Center |
| 21:07 | Queue | Villager (Male) |
| 21:08 | Queue | Villager (Male) |
| 22:08 | Queue | Villager (Male) |
| 22:08 | Queue | Villager (Male) |
| 22:16 | Queue | Villager (Male) |
| 22:17 | Queue | Villager (Male) |
| 22:34 | Build | Stable |
| 22:55 | Queue | Villager (Male) |
| 22:55 | Queue | Villager (Male) |
| 23:04 | Build | Farm |
| 23:06 | Build | Farm |
| 23:55 | Build | Farm |
| 23:56 | Build | Farm |
| 23:57 | Build | Farm |
| 24:15 | Queue | Villager (Male) |
| 24:37 | Build | Castle |
| 24:48 | Queue | Villager (Male) |
| 24:49 | Queue | Villager (Male) |
| 24:49 | Queue | Villager (Male) |
| 25:30 | Queue | Villager (Male) |
| 25:30 | Queue | Villager (Male) |
| 25:30 | Queue | Villager (Male) |
| 26:07 | Queue | Villager (Male) |
| 26:16 | Build | Farm |
| 26:33 | Build | Farm |
| 26:34 | Build | Farm |
| 26:35 | Build | Farm |
| 26:37 | Build | Farm |
| 26:39 | Queue | Knight |
| 26:46 | Queue | Battering Ram |
| 26:57 | Queue | Villager (Male) |
| 26:58 | Queue | Villager (Male) |
| 27:15 | Build | Mining Camp |
| 27:32 | Queue | Knight |
| 27:54 | Queue | Villager (Male) |
| 27:54 | Queue | Villager (Male) |
| 28:00 | Build | Farm |
| 28:01 | Build | Farm |
| 28:01 | Queue | Villager (Male) |
| 28:02 | Queue | Villager (Male) |
| 28:11 | Queue | Camel Scout |
| 28:41 | Queue | Villager (Male) |
| 28:41 | Queue | Villager (Male) |
| 28:47 | Queue | Villager (Male) |
| 28:47 | Queue | Villager (Male) |
| 28:56 | Build | Farm |
| 29:19 | Queue | Camel Scout |
| 29:20 | Queue | Villager (Male) |
| 29:20 | Queue | Villager (Male) |
| 29:38 | Build | Farm |
| 29:55 | Queue | Villager (Male) |
| 29:55 | Queue | Villager (Male) |
| 29:55 | Queue | Villager (Male) |
| 30:09 | Queue | Knight |
| 30:12 | Queue | Mangonel |
| 30:28 | Queue | Villager (Male) |
| 30:29 | Queue | Villager (Male) |
| 30:48 | Queue | Villager (Male) |
| 31:03 | Build | Mining Camp |
| 31:07 | Queue | Villager (Male) |
| 31:08 | Queue | Villager (Male) |
| 31:08 | Queue | Villager (Male) |
| 31:13 | Research | Horse Collar |
| 31:24 | Queue | Villager (Male) |
| 31:24 | Queue | Villager (Male) |
| 31:42 | Queue | Villager (Male) |
| 31:43 | Queue | Villager (Male) |
| 31:48 | Queue | Villager (Male) |
| 31:58 | Queue | Mangonel |
| 32:43 | Queue | Villager (Male) |
| 32:44 | Queue | Villager (Male) |
| 32:58 | Research | Town Watch |
| 32:58 | Queue | Villager (Male) |
| 32:59 | Queue | Villager (Male) |
| 33:07 | Queue | Villager (Male) |
| 33:37 | Queue | Camel Scout |
| 33:37 | Queue | Camel Scout |
| 33:42 | Build | House |
| 33:48 | Build | House |
| 33:57 | Build | Lumber Camp |
| 33:57 | Queue | Villager (Male) |
| 33:57 | Queue | Villager (Male) |
| 33:58 | Queue | Villager (Male) |
Build order — moneymickey
First 150 of 319 actions detected
| 0:01 | Queue | Villager (Male) |
| 0:01 | Queue | Villager (Male) |
| 0:03 | Build | House |
| 0:04 | Build | House |
| 0:28 | Queue | Villager (Male) |
| 0:31 | Queue | Villager (Male) |
| 1:23 | Queue | Villager (Male) |
| 1:49 | Build | Lumber Camp |
| 1:55 | Queue | Villager (Male) |
| 2:24 | Queue | Villager (Male) |
| 2:39 | Queue | Villager (Male) |
| 3:05 | Queue | Villager (Male) |
| 3:37 | Queue | Villager (Male) |
| 3:49 | Build | House |
| 3:50 | Build | House |
| 3:58 | Queue | Villager (Male) |
| 4:16 | Build | Mill |
| 4:34 | Queue | Villager (Male) |
| 4:54 | Queue | Villager (Male) |
| 5:24 | Queue | Villager (Male) |
| 5:44 | Queue | Villager (Male) |
| 6:07 | Queue | Villager (Male) |
| 6:24 | Build | Mining Camp |
| 6:27 | Queue | Villager (Male) |
| 6:28 | Queue | Villager (Male) |
| 6:52 | Build | House |
| 6:55 | Queue | Villager (Male) |
| 6:59 | Research | Loom |
| 7:23 | Queue | Villager (Male) |
| 7:42 | Build | Barracks |
| 8:17 | Research | Feudal Age |
| 8:50 | Queue | Militia |
| 9:15 | Queue | Militia |
| 9:15 | Queue | Militia |
| 9:32 | Queue | Villager (Male) |
| 9:37 | Build | Mining Camp |
| 9:55 | Build | Mill |
| 10:05 | Queue | Villager (Male) |
| 10:31 | Age | Feudal Age |
| 10:34 | Research | Man-at-Arms (upgrade) |
| 10:44 | Build | House |
| 10:46 | Queue | Villager (Male) |
| 11:07 | Build | House |
| 11:14 | Queue | Villager (Male) |
| 11:28 | Build | Archery Range |
| 11:30 | Queue | Villager (Male) |
| 11:50 | Build | Farm |
| 12:00 | Build | Outpost |
| 12:02 | Queue | Archer |
| 12:08 | Queue | Villager (Male) |
| 12:21 | Build | Watch Tower |
| 12:32 | Build | Farm |
| 12:33 | Build | Farm |
| 12:36 | Build | Farm |
| 12:40 | Queue | Spearman |
| 12:47 | Build | House |
| 13:01 | Queue | Villager (Male) |
| 13:05 | Queue | Archer |
| 13:31 | Build | Palisade Wall |
| 13:34 | Build | Palisade Wall |
| 13:35 | Build | Palisade Wall |
| 13:43 | Queue | Villager (Male) |
| 13:46 | Build | Farm |
| 13:48 | Queue | Villager (Male) |
| 13:54 | Queue | Archer |
| 14:13 | Build | House |
| 14:16 | Queue | Villager (Male) |
| 14:29 | Build | Outpost |
| 14:35 | Queue | Villager (Male) |
| 14:38 | Build | House |
| 14:49 | Build | Watch Tower |
| 14:56 | Queue | Villager (Male) |
| 15:10 | Build | House |
| 15:21 | Queue | Villager (Male) |
| 15:24 | Research | Double-Bit Axe |
| 15:32 | Build | Palisade Wall |
| 15:38 | Queue | Villager (Male) |
| 15:43 | Research | Town Watch |
| 16:04 | Queue | Villager (Male) |
| 16:08 | Queue | Archer |
| 16:08 | Queue | Archer |
| 16:29 | Build | Watch Tower |
| 16:33 | Queue | Villager (Male) |
| 16:35 | Queue | Villager (Male) |
| 16:36 | Queue | Villager (Male) |
| 16:49 | Queue | Villager (Male) |
| 16:53 | Build | Blacksmith |
| 17:03 | Queue | Villager (Male) |
| 17:25 | Queue | Villager (Male) |
| 18:00 | Queue | Archer |
| 18:02 | Queue | Villager (Male) |
| 18:05 | Build | Farm |
| 18:06 | Build | Farm |
| 18:07 | Build | House |
| 18:09 | Research | Fletching |
| 18:09 | Queue | Villager (Male) |
| 18:24 | Build | House |
| 18:30 | Queue | Villager (Male) |
| 18:40 | Build | Dock |
| 18:59 | Queue | Villager (Male) |
| 19:01 | Build | Farm |
| 19:03 | Research | Horse Collar |
| 19:03 | Queue | Villager (Male) |
| 19:06 | Build | House |
| 19:08 | Build | Palisade Wall |
| 19:16 | Build | Stone Wall |
| 19:20 | Queue | Villager (Male) |
| 19:27 | Queue | Villager (Male) |
| 19:33 | Queue | Villager (Male) |
| 19:41 | Build | Watch Tower |
| 19:43 | Queue | Militia |
| 19:43 | Queue | Militia |
| 19:46 | Queue | Villager (Male) |
| 20:03 | Queue | Villager (Male) |
| 20:11 | Build | Farm |
| 20:12 | Build | Farm |
| 20:40 | Queue | Villager (Male) |
| 20:44 | Build | Market |
| 20:55 | Queue | Villager (Male) |
| 21:03 | Queue | Fishing Ship |
| 21:04 | Queue | Villager (Male) |
| 21:10 | Build | Watch Tower |
| 22:07 | Queue | Villager (Male) |
| 22:10 | Build | Stone Wall |
| 22:11 | Build | Stone Wall |
| 22:12 | Build | Stone Wall |
| 22:20 | Queue | Fishing Ship |
| 22:27 | Build | Watch Tower |
| 22:34 | Build | Stone Wall |
| 22:47 | Research | Castle Age |
| 22:54 | Build | Stone Wall |
| 22:55 | Build | Stone Wall |
| 23:20 | Build | Watch Tower |
| 23:24 | Build | Stone Wall |
| 23:25 | Build | Stone Wall |
| 23:29 | Research | Gold Mining |
| 23:31 | Queue | Villager (Male) |
| 23:40 | Queue | Archer |
| 23:40 | Queue | Archer |
| 23:42 | Queue | Villager (Male) |
| 23:46 | Build | Lumber Camp |
| 24:04 | Build | Stable |
| 24:09 | Build | Stone Wall |
| 24:10 | Build | Stone Wall |
| 24:11 | Build | Stone Wall |
| 24:41 | Build | House |
| 25:00 | Research | Scale Barding Armor |
| 25:00 | Queue | Villager (Male) |
| 25:17 | Build | Watch Tower |
| 25:19 | Queue | Scout Cavalry |
Match timeline
| 7:42 | moneymickey · first_building Barracks |
| 10:31 | moneymickey · age_up feudal |
| 11:15 | Schlumpf · age_up feudal |
| 11:22 | Schlumpf · first_building Barracks |
| 11:28 | moneymickey · first_building Archery Range |
| 12:12 | Schlumpf · first_building Stable |
| 13:31 | moneymickey · wall_segment Palisade Wall x1 |
| 13:34 | moneymickey · wall_segment Palisade Wall x1 |
| 13:35 | moneymickey · wall_segment Palisade Wall x1 |
| 15:15 | Schlumpf · age_up castle |
| 15:32 | moneymickey · wall_segment Palisade Wall x15 |
| 16:00 | Schlumpf · first_building Siege Workshop |
| 16:33 | Schlumpf · first_market_sell 100 wood |
| 17:05 | Schlumpf · first_building Castle |
| 18:40 | moneymickey · first_building Dock |
| 19:08 | moneymickey · wall_segment Palisade Wall x1 |
| 19:16 | moneymickey · wall_segment Stone Wall x1 |
| 22:03 | moneymickey · first_market_buy 100 food |
| 22:10 | moneymickey · wall_segment Stone Wall x1 |
| 22:11 | moneymickey · wall_segment Stone Wall x1 |
| 22:12 | moneymickey · wall_segment Stone Wall x1 |
| 22:34 | moneymickey · wall_segment Stone Wall x1 |
| 22:44 | moneymickey · first_market_sell 100 wood |
| 22:54 | moneymickey · wall_segment Stone Wall x1 |
| 22:55 | moneymickey · wall_segment Stone Wall x1 |
| 23:24 | moneymickey · wall_segment Stone Wall x1 |
| 23:25 | moneymickey · wall_segment Stone Wall x1 |
| 24:04 | moneymickey · first_building Stable |
| 24:09 | moneymickey · wall_segment Stone Wall x1 |
| 24:10 | moneymickey · wall_segment Stone Wall x1 |
| 24:11 | moneymickey · wall_segment Stone Wall x1 |
| 25:27 | moneymickey · age_up castle |
| 26:34 | moneymickey · wall_segment Stone Wall x1 |
| 26:34 | moneymickey · wall_segment Stone Wall x1 |
| 27:47 | moneymickey · first_building Siege Workshop |
| 28:53 | moneymickey · wall_segment Stone Wall x1 |
| 29:35 | moneymickey · wall_segment Stone Wall x1 |
| 30:05 | moneymickey · wall_segment Stone Wall x1 |
| 30:07 | moneymickey · wall_segment Stone Wall x1 |
| 30:09 | moneymickey · wall_segment Stone Wall x1 |
| 34:50 | moneymickey · first_building Monastery |
| 35:11 | moneymickey · age_up imperial |
| 35:23 | moneymickey · first_building Castle |
| 38:58 | Schlumpf · first_building Archery Range |
| 39:32 | Schlumpf · age_up imperial |
| 40:24 | moneymickey · wall_segment Stone Wall x1 |
| 40:25 | Schlumpf · resign |
[ AI ANALYSIS · 1 CREDIT ]
What really happened in this match?
Wolo.gg analyzes every decision: build order, eco, micro, common mistakes by bracket. Personalized analysis on WhatsApp or Discord in 30 seconds.
Civ guide
Persians
Perfil
Schlumpf